Map: Kairos Junction LE

Players

HellraiseR

  • Race: Protoss Protoss
  • Spawn Location: 11:00

TYTY (TY) - Winner!

  • Race: Terran Terran
  • League: Diamond
  • Spawn Location: 5:00

Event: HomeStory Cup XIX

VOD

Have the link to the VOD?

Description

Time

  • Played on: June 28, 2019, 6:37 a.m.
  • Length: 7:05

All games in this series

Show
View Real Time Build Order
Export as new Build Order

HellraiseR Protoss 

Build Orders: 1 Gate Expand, Colossus Rush 

Get SALT Encoding   

  12  0:00  Probe  
  13  0:12  Probe  
  14  0:16  Pylon  
  14  0:22  Probe  
  15  0:30  Probe  
  16  0:36  Gateway  
  16  0:39  Probe  
  16  0:45  Assimilator  
  17  0:51  Probe  
  18  1:03  Probe  
  19  1:18  Nexus  
  19  1:22  Probe  
  20  1:32  Cybernetics Core  
  20  1:34  Probe  
  20  1:39  Assimilator  
  21  1:46  Probe  
  22  1:49  Pylon  
  22  1:58  Stalker, Probe  
  23  2:06  Probe  
  23  2:09  Warp Gate  
  23  2:14  Probe  
  27  2:25  Probe  
  27  2:27  Probe  
  27  2:28  Stalker  
  30  2:37  Probe x2  
  31  2:39  Robotics Facility  
  33  2:47  Probe  
  33  2:49  Probe  
  35  2:59  Stalker, Probe  
  35  3:01  Probe  
  39  3:08  Probe, Gateway  
  40  3:13  Probe  
  40  3:17  Probe, Gateway  
  41  3:24  Observer, Pylon  
  41  3:25  Probe  
  41  3:26  Probe  
  45  3:37  Probe, Warp Prism  
  45  3:41  Pylon  
  46  3:42  Probe  
  49  3:49  Probe  
  49  3:50  Robotics Bay  
  51  4:01  Assimilator, Probe  
  51  4:02  Assimilator  
  52  4:05  Stalker x2  
  52  4:06  Probe  
  52  4:14  Probe x2  
  43  4:22  Probe  
  43  4:24  Observer  
  43  4:26  Probe  
  43  4:30  Shield Battery  
  46  4:34  Probe  
  47  4:40  Probe, Colossus  
  47  4:41  Stalker  
  50  4:46  Probe  
  50  4:52  Probe  
  58  4:58  Probe, Pylon  
  59  5:04  Probe  
  60  5:07  Pylon  
  60  5:10  Probe  
  61  5:16  Probe  
  61  5:19  Stalker x2  
  66  5:22  Probe  
  67  5:28  Probe  
  67  5:35  Probe, Colossus  
  69  5:40  Probe  
  69  5:41  Pylon  
  70  5:47  Probe  
  77  5:53  Probe  
  78  5:57  Pylon  
  78  6:00  Probe  
  79  6:05  Zealot x3  
  86  6:16  Pylon  
  85  6:21  Disruptor  
  81  6:25  Zealot x2, Gateway  
  81  6:27  Gateway  
  81  6:28  Gateway  
  81  6:31  Observer  
  74  6:49  Zealot  
Show
View Real Time Build Order
Export as new Build Order

TYTY Terran - Winner!

Build Orders: Reaper Expand, Banshee Rush 

Get SALT Encoding   

  12  0:00  SCV  
  13  0:12  SCV  
  14  0:17  Supply Depot  
  14  0:24  SCV  
  15  0:38  SCV  
  15  0:41  Barracks  
  16  0:43  Refinery  
  16  0:51  SCV  
  17  1:03  SCV  
  18  1:15  SCV  
  19  1:30  Reaper  
  19  1:31  Orbital Command  
  20  1:44  Command Center  
  20  1:54  Supply Depot  
  20  1:57  SCV  
  21  2:02  Marine  
  22  2:08  Factory  
  22  2:12  SCV  
  23  2:18  Refinery  
  23  2:20  Barracks Reactor  
  23  2:24  SCV  
  24  2:36  SCV  
  25  2:48  SCV  
  26  2:52  Starport  
  26  2:56  Orbital Command  
  26  2:59  Hellion  
  26  3:02  Barracks Tech Lab, Hellion  
  26  3:04  SCV  
  31  3:17  SCV  
  32  3:21  Hellion  
  32  3:22  SCV  
  32  3:23  Hellion  
  37  3:29  SCV  
  38  3:34  Cloaking Field  
  38  3:35  Banshee  
  38  3:38  Supply Depot  
  38  3:39  SCV  
  42  3:42  SCV  
  43  3:50  Marine x2  
  43  3:51  SCV  
  43  3:53  Factory Tech Lab  
  46  3:55  Supply Depot  
  46  3:59  SCV  
  47  4:03  SCV  
  47  4:08  Marine x2  
  49  4:11  SCV  
  49  4:14  Siege Tank  
  49  4:15  SCV  
  50  4:24  Bunker, SCV  
  47  4:25  Marine x2  
  47  4:26  Banshee  
  47  4:28  SCV  
  53  4:34  Supply Depot  
  53  4:36  SCV  
  54  4:40  Barracks  
  54  4:43  Marine  
  54  4:44  Marine  
  56  4:47  Siege Tank  
  56  4:49  SCV  
  60  4:53  Refinery, SCV  
  61  5:00  Supply Depot  
  61  5:01  SCV  
  61  5:05  SCV  
  61  5:11  Marine x2  
  61  5:13  SCV  
  67  5:18  SCV  
  67  5:19  Supply Depot  
  68  5:22  Siege Tank  
  68  5:24  Viking  
  68  5:27  Barracks, SCV  
  71  5:29  Barracks Tech Lab  
  71  5:31  Marine  
  72  5:36  SCV  
  73  5:44  Marine  
  73  5:47  Supply Depot  
  73  5:48  Marine x2  
  73  5:49  SCV  
  77  5:50  SCV  
  77  5:56  Siege Tank  
  81  6:00  Refinery  
  81  6:07  Marine x3  
  81  6:09  Orbital Command  
  81  6:10  Viking  
  84  6:14  Bunker  
  82  6:19  Marine  
  82  6:25  Marine  
  78  6:28  SCV  
  78  6:31  Bunker  
  73  6:35  Bunker  
  75  6:42  SCV  
  75  6:44  Marine x2  
  80  6:52  SCV  
  80  6:55  Refinery  
Tags
 
Add a new tag
Caveats
  • Supply blocks, unpowered buildings, or Contaminate may cause inaccurate times.
  • Supply counts are checked every 10 seconds.